 Dungeon Crawl Stone Soup version 0.23.0-3-gf3c87f2df8 (webtiles) character file.

Game seed: 10688555125269339327

44 Sondor the Skirmisher (level 3, 0/30 HPs)
             Began as a Demonspawn Chaos Knight on Feb 22, 2019.
             Was a Plaything of Xom.
             Succumbed to an adder's poison
             ... on level 3 of the Dungeon.
             The game lasted 00:01:15 (584 turns).

Sondor the Skirmisher (Demonspawn Chaos Knight)      Turns: 584, Time: 00:01:16

Health: 0/30       AC: 11    Str: 13    XL:     3   Next: 41%
Magic:  3/3        EV: 11    Int: 13    God:    Xom [..*...]
Gold:   84         SH:  0    Dex: 12    Spells: 2/2 levels left

rFire    . . .     SeeInvis .   a - +0 falchion (chaos)
rCold    . . .     Gourm    .   (no shield)
rNeg     . . .     Faith    .   b - +2 leather armour
rPois    +         Spirit   .   (helmet restricted)
rElec    .         Reflect  .   (no cloak)
rCorr    .         Harm     .   (no gloves)
MR       .....                  (no boots)
Stlth    +.........             (no amulet)
HPRegen  0.10/turn              h - ring of poison resistance
MPRegen  0.08/turn              (no ring)

@: lethally poisoned (0 -> -2), sanguine armour
A: antennae 1, deterioration 1, mutation resistance 1, sanguine armour 1
a: Renounce Religion


You were on level 3 of the Dungeon.
You worshipped Xom.
You were a toy of Xom.
You were not hungry.

You visited 1 branch of the dungeon, and saw 3 of its levels.

You collected 84 gold pieces.

Inventory:

Hand Weapons
 a - a +0 falchion of chaos (weapon)
Armour
 b - a +2 leather armour (worn)
Jewellery
 h - a ring of poison resistance (left hand)
Scrolls
 f - 5 scrolls of remove curse {unknown}
 g - 3 scrolls of identify {unknown}
 i - a scroll of blinking {unknown}
 j - a scroll of teleportation {unknown}
Comestibles
 c - 3 rations


   Skills:
 + Level 3.6 Fighting
 + Level 3.2 Long Blades
 + Level 2.2 Armour
 + Level 1.0 Dodging


You had 2 spell levels left.
You didn't know any spells.
Your spell library was empty.

Dungeon Overview and Level Annotations

Branches:
Dungeon (3/15)

Altars:
Kikubaaqudgha


Innate Abilities, Weirdness & Mutations

When seriously injured, your bleeding wounds create armour. (AC +6)
You have a pair of small antennae on your head.
Your body sometimes deteriorates upon taking damage.
You are somewhat resistant to further mutation.


Message History

* * * LOW HITPOINT WARNING * * *
You feel sick.
* * * LOW HITPOINT WARNING * * *
You feel sick.
* * * LOW HITPOINT WARNING * * *
You feel sick.
There is a stone staircase leading down here.
You climb downwards.
You hear the sound of rushing water.
There is an entrance to a sewer on this level.
Hurry and find it before the portal rusts away!
Found a stone staircase leading up.
There is a stone staircase leading up here.
* * * LOW HITPOINT WARNING * * *
You feel sick.
h - a ring of poison resistance (left hand)
As you read the scroll labeled NIECZE VAUSK, it crumbles to dust.
The air around you briefly surges with heat, but it dissipates.
It was a scroll of immolation.
You die...
Xom cackles wildly!

.##+## .....
#.... #....
#.... #.#....
#......########
#. #@......#
####.##.#####.#
......#.#####.#
#..........#
##..<##.#..#
#.........#
###...........
#...#####.#.
..... #


There were no monsters in sight!

Vanquished Creatures
  2 adders (D:2)
  2 dart slugs (D:1)
  A leopard gecko (D:1)
  A ball python (D:2)
  2 giant cockroaches
  4 goblins
  2 hobgoblins (D:1)
  A quokka (D:2)
  2 bats
  3 kobolds
  2 rats (D:1)
22 creatures vanquished.

Notes
Turn   | Place    | Note
-------+----------+-------------------------------------------
     0 | D:1      | Sondor the Demonspawn Chaos Knight began the quest for the
                  | Orb.
     0 | D:1      | Reached XP level 1. HP: 18/18 MP: 1/1
   109 | D:1      | XOM: divination: detect items
   157 | D:1      | XOM: divination: detect creatures
   172 | D:1      | Gained mutation: When seriously injured, your bleeding
                  | wounds create armour. (AC +6) [demonic ancestry]
   172 | D:1      | Reached XP level 2. HP: 22/24 MP: 2/2
   226 | D:1      | Reached skill level 1 in Dodging
   354 | D:2      | XOM: harmless Pois miscast
   362 | D:2      | Reached XP level 3. HP: 23/29 MP: 3/3
   396 | D:2      | XOM: silly message
   470 | D:2      | Found an ancient bone altar of Kikubaaqudgha.
   566 | D:2      | Gained mutation: Your body sometimes deteriorates upon
                  | taking damage. [potion of mutation]
   566 | D:2      | Gained mutation: You have a pair of small antennae on your
                  | head. [potion of mutation]
   566 | D:2      | Gained mutation: You are somewhat resistant to further
                  | mutation. [potion of mutation]
   576 | D:2      | HP: 1/30 [poisoned by an adder]
   584 | D:3      | Succumbed to an adder's poison

Skill      XL: |  1  2 |
---------------+-------+-----
Dodging        | 1 |  1.0
Armour         | 2 |  2.2
Long Blades    | 3 |  3.2
Fighting       | |  3.6

Action                   || total
-------------------------++-------
Melee: Falchion          ||    76
  Use: Scroll            ||     1
       Potion            ||     1
 Stab: Sleeping          ||     1
Armor: Leather armour    ||    24
Dodge: Dodged            ||    48
       Rpst.: Falchion   ||    15
